Map: Cerulean Fall LE

Players

Elazer

  • Race: Zerg Zerg
  • Spawn Location: 7:00

Kelazhur - Winner!

  • Race: Terran Terran
  • League: Master
  • Spawn Location: 1:00

Event: HomeStory Cup XVIII

VOD

Have the link to the VOD?

Description

Time

  • Played on: Nov. 22, 2018, 5:44 p.m.
  • Length: 12:02

All games in this series

Show
View Real Time Build Order
Export as new Build Order

Elazer Zerg 

Build Orders: Hatch First 

Get SALT Encoding   

  12  0:00  Drone  
  13  0:12  Overlord  
  13  0:17  Drone  
  14  0:30  Drone x2  
  16  0:48  Hatchery  
  15  0:51  Drone  
  15  0:54  Drone  
  17  0:58  Drone  
  18  1:08  Extractor  
  17  1:13  Spawning Pool  
  17  1:17  Drone  
  17  1:20  Drone  
  18  1:29  Drone  
  19  1:39  Drone  
  20  1:49  Drone  
  21  2:00  Queen x2  
  21  2:01  Zergling x4  
  27  2:14  Hatchery  
  26  2:19  Overlord  
  26  2:22  Drone  
  27  2:24  Drone  
  28  2:34  Metabolic Boost  
  28  2:38  Drone x2  
  28  2:43  Queen  
  32  2:48  Drone  
  32  2:50  Overlord  
  33  2:53  Drone  
  33  2:55  Drone  
  35  3:00  Overlord  
  35  3:10  Drone  
  36  3:18  Drone x5  
  41  3:26  Drone x2  
  43  3:29  Drone  
  44  3:39  Roach Warren  
  44  3:40  Drone x6  
  49  3:48  Extractor, Overlord  
  48  3:49  Drone  
  48  3:50  Drone  
  48  3:51  Extractor  
  48  3:52  Drone  
  49  4:02  Overlord  
  49  4:04  Overlord  
  49  4:07  Zergling x4  
  49  4:08  Zergling x2  
  52  4:14  Zergling x2  
  52  4:15  Spore Crawler x2  
  51  4:17  Zergling x2  
  51  4:20  Roach x3  
  51  4:22  Roach  
  51  4:23  Roach x2  
  66  4:25  Roach x2  
  66  4:26  Roach  
  72  4:32  Overlord  
  72  4:36  Overlord, Roach  
  73  4:45  Spore Crawler  
  73  4:48  Roach, Zergling x2  
  73  4:50  Overlord  
  73  4:54  Zergling x14  
  80  5:03  Ravager  
  80  5:04  Zergling x4  
  79  5:07  Ravager  
  79  5:09  Ravager  
  79  5:11  Ravager, Zergling x12  
  88  5:15  Zergling x2  
  88  5:21  Zergling x8  
  90  5:23  Ravager  
  92  5:31  Zergling x2  
  92  5:32  Zergling x4  
  91  5:42  Drone x6  
  86  5:45  Drone  
  86  5:46  Drone  
  86  5:47  Evolution Chamber  
  77  5:50  Evolution Chamber  
  77  5:53  Drone  
  77  5:54  Drone x3  
  69  6:03  Roach  
  69  6:04  Roach x2  
  70  6:05  Queen  
  70  6:11  Spore Crawler  
  71  6:14  Roach x3  
  77  6:20  Zerg Ground Armor Level 1  
  77  6:21  Zerg Missile Weapons Level 1  
  77  6:25  Drone, Spore Crawler  
  76  6:28  Lair  
  76  6:32  Drone x2  
  78  6:37  Drone  
  78  6:38  Drone x4  
  78  6:39  Drone  
  76  6:47  Drone x5  
  81  6:55  Drone x5  
  81  6:56  Drone  
  81  6:58  Drone  
  81  7:00  Drone  
  81  7:01  Extractor, Drone  
  88  7:03  Extractor  
  88  7:06  Drone  
  88  7:08  Drone  
  90  7:17  Drone, Overlord  
  90  7:22  Roach x3  
  97  7:29  Drone x6  
  98  7:30  Hatchery  
  91  7:39  Drone x2  
  93  7:45  Drone  
  93  7:46  Drone x2  
  97  7:52  Roach  
  97  7:53  Roach x3  
  104  7:59  Roach  
  104  8:01  Overlord x2  
  106  8:11  Overlord  
  106  8:12  Glial Reconstitution  
  106  8:16  Zerg Missile Weapons Level 2, Zerg Ground Armor Level 2  
  106  8:17  Overlord  
  106  8:20  Extractor, Drone x2  
  106  8:21  Drone x2  
  106  8:22  Drone  
  110  8:27  Overlord  
  110  8:28  Roach  
  110  8:29  Infestation Pit, Roach  
  110  8:31  Roach x4  
  121  8:37  Roach x3  
  127  8:42  Overlord  
  127  8:47  Spine Crawler, Roach x3  
  132  8:52  Overlord  
  132  8:53  Roach  
  132  8:54  Roach  
  136  8:56  Ravager x3  
  136  8:57  Overlord  
  136  8:59  Roach  
  141  9:05  Roach  
  141  9:06  Roach x3  
  149  9:13  Overlord  
  149  9:14  Roach  
  149  9:15  Roach x3  
  157  9:18  Hive  
  157  9:24  Overlord  
  157  9:26  Roach x3  
  163  9:33  Queen  
  163  9:36  Roach x4  
  171  9:43  Roach x5  
  179  9:55  Roach x2  
  183  10:00  Overlord  
  183  10:02  Overlord  
  183  10:03  Hatchery  
  182  10:08  Roach  
  164  10:27  Roach  
  164  10:28  Roach x11  
  161  10:45  Roach x7  
  161  10:49  Roach x2  
  149  10:59  Spore Crawler  
  149  11:00  Drone x3  
  149  11:03  Drone x4  
  155  11:11  Drone x3  
  155  11:12  Drone x4  
  155  11:15  Viper  
  155  11:17  Viper  
  168  11:23  Ravager x4  
  171  11:26  Roach x3  
  177  11:38  Roach x6  
  150  11:56  Roach Warren  
Show
View Real Time Build Order
Export as new Build Order

Kelazhur Terran - Winner!

Build Orders: Hellion Banshee 

Get SALT Encoding   

  12  0:00  SCV  
  13  0:12  SCV  
  14  0:17  Supply Depot  
  14  0:24  SCV  
  15  0:38  SCV  
  15  0:39  Barracks  
  16  0:44  Refinery  
  16  0:50  SCV  
  17  1:03  SCV  
  18  1:15  SCV  
  19  1:27  Barracks Reactor, Orbital Command  
  19  1:39  Command Center  
  19  1:50  Supply Depot  
  19  1:52  SCV  
  20  2:04  Marine x2, SCV  
  23  2:09  Factory  
  23  2:17  SCV  
  23  2:21  Marine  
  23  2:22  Marine  
  26  2:29  SCV  
  27  2:41  SCV  
  28  2:45  Command Center  
  28  2:53  SCV  
  28  2:54  Orbital Command  
  29  3:05  SCV  
  30  3:06  Hellion  
  30  3:07  Hellion  
  34  3:17  Starport, SCV  
  34  3:19  SCV  
  36  3:27  Hellion  
  36  3:29  Hellion  
  36  3:30  SCV  
  36  3:32  SCV  
  42  3:34  Barracks Tech Lab  
  42  3:36  Supply Depot  
  42  3:42  SCV  
  42  3:44  SCV  
  44  3:53  Hellion  
  46  3:57  Hellion, SCV  
  46  3:59  Orbital Command  
  46  4:00  SCV  
  50  4:05  Supply Depot, Marine, Medivac  
  53  4:10  Armory  
  53  4:18  Hellion x2, SCV  
  53  4:20  SCV  
  53  4:23  Marine  
  60  4:26  SCV  
  60  4:30  SCV  
  62  4:31  Supply Depot  
  62  4:33  SCV  
  62  4:34  Refinery  
  62  4:35  Refinery  
  63  4:39  Hellion  
  63  4:40  Hellion  
  63  4:41  Banshee  
  63  4:44  SCV  
  71  4:47  SCV  
  71  4:52  Bunker  
  72  4:59  SCV  
  71  5:00  Bunker  
  71  5:02  Bunker  
  71  5:03  Marine, SCV  
  71  5:06  Hellion x2  
  73  5:12  SCV  
  74  5:18  SCV  
  74  5:24  Banshee  
  74  5:27  Hellion  
  76  5:29  Hellion  
  76  5:30  SCV x2  
  79  5:38  SCV  
  74  5:49  Hellion  
  65  5:50  Hellion  
  65  5:52  SCV  
  64  6:07  Barracks Tech Lab  
  64  6:08  SCV x3  
  64  6:10  Engineering Bay  
  64  6:11  Engineering Bay  
  67  6:20  SCV  
  67  6:22  SCV  
  69  6:26  Refinery  
  69  6:30  Marine  
  69  6:31  Stimpack, Barracks  
  69  6:32  Barracks x2  
  70  6:33  SCV x2  
  70  6:34  SCV, Barracks  
  70  6:37  Starport Reactor, Terran Infantry Weapons Level 1, Terran Infantry Armor Level 1  
  73  6:45  SCV x2  
  73  6:47  Marine  
  73  6:51  SCV  
  75  6:57  SCV x2  
  75  6:59  Supply Depot x2  
  75  7:00  Supply Depot  
  77  7:06  Supply Depot, Terran Vehicle Weapons Level 1, Barracks  
  77  7:07  Barracks  
  77  7:14  Orbital Command  
  77  7:20  Marine, Siege Tank, SCV x2  
  77  7:21  Barracks Reactor x2  
  83  7:24  Marine x2  
  83  7:26  Starport Reactor  
  85  7:32  SCV  
  85  7:34  Marine x2  
  88  7:38  Marine  
  88  7:41  SCV x2  
  88  7:42  Marine x2  
  91  7:45  Supply Depot  
  91  7:46  Supply Depot  
  91  7:49  SCV  
  88  7:51  Marine  
  88  7:53  SCV  
  88  7:54  Supply Depot x2  
  88  7:56  Siege Tank  
  88  7:57  SCV  
  94  7:58  Barracks Tech Lab  
  94  7:59  Missile Turret, Marine x4  
  94  8:00  Marine, Barracks Tech Lab  
  94  8:01  SCV  
  94  8:05  SCV  
  101  8:09  SCV  
  102  8:13  Supply Depot  
  102  8:14  Supply Depot, Marine x2, Marauder  
  102  8:17  Combat Shield  
  102  8:19  Marine x2  
  113  8:20  Marauder x2  
  113  8:22  Marine x3  
  113  8:24  Marine  
  116  8:27  Supply Depot  
  116  8:31  Marine, Medivac  
  116  8:32  Medivac, Siege Tank  
  124  8:36  Marauder  
  124  8:38  Terran Infantry Weapons Level 2  
  128  8:41  Marauder, Marine x2  
  128  8:42  Marine x3  
  133  8:51  Marine x4  
  133  8:53  Terran Infantry Armor Level 2  
  137  8:56  Supply Depot  
  137  8:57  Marine, Refinery  
  137  8:59  Marine  
  137  9:00  Marine x2  
  137  9:01  Supply Depot  
  144  9:10  Siege Tank  
  144  9:11  Command Center  
  144  9:15  Marine  
  144  9:16  Marauder  
  147  9:20  Medivac  
  147  9:23  Supply Depot, Marine  
  152  9:24  Marine x4, Marauder  
  152  9:27  Supply Depot, Marine, Marauder  
  152  9:30  Supply Depot  
  159  9:38  Marauder, Marine x2  
  162  9:41  Marine  
  162  9:42  Marine, Medivac  
  166  9:50  Medivac  
  166  9:51  Siege Tank  
  166  9:53  Marine  
  166  9:54  Marine x2, Marauder  
  166  9:57  Marine  
  166  9:58  Marine x3  
  166  9:59  Marine x2  
  170  10:15  Marauder  
  170  10:16  Marine  
  170  10:17  Marauder  
  163  10:21  Medivac x2  
  163  10:23  Siege Tank  
  163  10:26  Marine  
  163  10:27  Marine x6, Marauder  
  170  10:34  Marine  
  168  10:36  Marauder  
  168  10:39  Marauder  
  165  10:49  Marine, Marauder  
  161  10:50  Planetary Fortress  
  161  10:53  Medivac  
  161  10:54  Marine  
  161  10:57  Marine x6  
  161  10:58  Marauder  
  161  11:04  Marauder  
  171  11:06  Marine  
  171  11:07  SCV x3  
  175  11:13  Supply Depot, Marauder  
  175  11:15  Supply Depot  
  177  11:29  Marine  
  177  11:32  Marine x2, Marauder  
  180  11:33  Marine  
  179  11:43  Marine  
Tags
 
Add a new tag
Caveats
  • Supply blocks, unpowered buildings, or Contaminate may cause inaccurate times.
  • Supply counts are checked every 10 seconds.